 Dungeon Crawl Stone Soup version 0.17-a0-1731-g129c023 (webtiles) character file.

779 Promi the Sneak (level 7, -18/35 HPs)
             Began as a Spriggan Conjurer on Aug 29, 2015.
             Was an Initiate of Vehumet.
             Killed from afar by a gargoyle (26 damage)
             ... with a stone arrow
             ... on level 6 of the Dungeon.
             The game lasted 00:33:54 (6935 turns).

Promi the Sneak (Spriggan Conjurer)                 Turns: 6935, Time: 00:33:55

Health: -18/35     AC:  4    Str:  4    XL:     7   Next: 54%
Magic:  1/15       EV: 16    Int: 18    God:    Vehumet [......]
Gold:   223        SH:  0    Dex: 17    Spells: 5 memorised, 2 levels left

rFire  . . .     SeeInvis +     f - +0 whip
rCold  . . .     Clarity  .     a - +0 robe
rNeg   . . .     SustAt   .     (shield restricted)
rPois  .         Gourm    .     (helmet restricted)
rElec  .         Spirit   .     s - +1 cloak {+Inv}
rCorr  .         Warding  .     (gloves unavailable)
rMut   .         Stasis   .     (boots unavailable)
MR     +....                    (no amulet)
Stlth  ++++......               (no ring)
                                (no ring)

@: very quick, somewhat resistant to hostile enchantments, stealthy
A: unfitting armour, see invisible, herbivore 3, speed 3, slow metabolism 2
a: Renounce Religion, Evoke Invisibility


You were on level 6 of the Dungeon.
You worshipped Vehumet.
Vehumet was noncommittal.
You were not hungry.

You visited 1 branch of the dungeon, and saw 6 of its levels.

You collected 223 gold pieces.

Inventory:

Hand weapons
 f - a +0 whip (weapon)
 n - a +2 mace of venom
Armour
 a - a +0 robe (worn)
 s - a +1 cloak of invisibility (worn)
Jewellery
 d - an uncursed amulet of guardian spirit
Magical devices
 i - a wand of polymorph (0)
 j - a wand of digging (9)
Scrolls
 g - 6 scrolls of remove curse
 h - a scroll of fog
 q - a scroll of noise
 w - 2 scrolls of magic mapping
Potions
 e - a potion of brilliance
 k - a potion of lignification
 o - a potion of resistance {unknown}
 r - a potion of ambrosia {unknown}
 t - a potion of agility {unknown}
 v - a potion of berserk rage {unknown}
 x - a potion of might
 z - 3 potions of heal wounds {unknown}
Books
 b - a book of Conjurations

   Spells                             Type                      Level
   a - Magic Dart                     Conjuration                  1
   b - Searing Ray                    Conjuration                  2
   c - Dazzling Spray                 Conjuration/Hexes            3
   d - Fulminant Prism                Conjuration/Hexes            4
   e - Iskenderun's Mystic Blast      Conjuration                  4
   f - Iskenderun's Battlesphere      Conjuration/Charms           5
 m - a book of Cantrips

   Spells                             Type                      Level
   a - Corona                         Hexes                        1
   b - Animate Skeleton               Necromancy                   1
   c - Summon Small Mammal            Summoning                    1
   d - Apportation                    Translocation                1
Comestibles
 c - 2 bread rations
 u - 2 royal jellies


   Skills:
 + Level 2.4 Fighting
 + Level 5.5 Dodging
 + Level 6.4 Stealth
 + Level 5.2 Spellcasting
 * Level 4.2 Conjurations
 + Level 2.6 Hexes


You had 2 spell levels left.
You knew the following spells:

 Your Spells              Type           Power        Failure   Level  Hunger
a - Magic Dart            Conj           ###.         1%          1    None
b - Searing Ray           Conj           ###...       3%          2    #......
c - Dazzling Spray        Conj/Hex       ###.....     12%         3    ##.....
d - Iskenderun's Mystic   Conj           ###.....     24%         4    ####...
e - Fulminant Prism       Conj/Hex       ###.......   34%         4    ####...


Dungeon Overview and Level Annotations

Branches:
Dungeon (6/15)
 Temple: D:4-7

Altars:
Ashenzari
Dithmenos
Elyvilon
Qazlal
Ru
Vehumet

Annotations:
D:2 Sigmund
D:5 exclusion: centaur
D:6 exclusions: gargoyle and komodo dragon


Innate Abilities, Weirdness & Mutations

You are tiny and cannot use many weapons and most armour.
You have supernaturally acute eyesight.
You are a herbivore.
You cover ground extremely quickly.
You need consume almost no food.


Message History

Aiming: Magic Dart
Press: ? - help, Shift-Dir - straight line, f/p - orc
Aim: an orc, wearing a ring mail The magic dart hits the orc.
The orc throws a tomahawk.
The tomahawk barely misses you.
Casting: Magic Dart
Confirm with . or Enter, or press ? or * to list all spells.
Aiming: Magic Dart
Press: ? - help, Shift-Dir - straight line, f/p - orc
Aim: an orc, wearing a ring mail The magic dart hits the orc.
The gargoyle hurls a stone arrow at you.
The stone arrow hits you!
Ouch! That really hurt!
* * * LOW HITPOINT WARNING * * *
The phantom blinks!
The gargoyle hurls a stone arrow at you.
Helpless, you fail to dodge the stone arrow.
Ouch! That really hurt!
You die...

#...#.....##.....####..##
#..####.....W...###......#
... #.>......##........##
.. #.......#............ .
##.....o.............
#..)..o9..........##
##.ยง).............#
#................#
#(@..............#
#(...#........##.##
#...#.#.......###.#
#..#####.....## ### ####
#######


You could see a phantom, a gargoyle and 2 orcs.

Vanquished Creatures
  A sky beast (D:5)
  A gnoll sergeant (D:4)
  A crimson imp (D:4)
  A jelly (D:6)
  2 orc priests
  Crazy Yiuf (D:3)
  Ijyb (D:3)
  2 orc wizards
  2 giant frog skeletons
  Terence (D:2)
  A hound (D:3)
  3 worker ants
  A hound skeleton (D:4)
  A worker ant zombie (D:5)
  Robin (D:2)
  5 adders
  An adder skeleton (D:5)
  5 worms
  2 giant geckos
  13 orcs
  14 hobgoblins
  2 jackals (D:5)
  2 ball pythons
  A ball python skeleton (D:5)
  10 bats
  3 giant cockroaches
  3 giant newts
  13 goblins
  2 kobolds
  14 rats
110 creatures vanquished.

Notes
Turn   | Place    | Note
--------------------------------------------------------------
     0 | D:1      | Promi the Spriggan Conjurer began the quest for the Orb.
     0 | D:1      | Reached XP level 1. HP: 9/9 MP: 5/5
   606 | D:1      | Reached XP level 2. HP: 13/13 MP: 0/7
  1158 | D:2      | Learned a level 2 spell: Searing Ray
  1202 | D:2      | Noticed Sigmund
  1226 | D:2      | Reached XP level 3. HP: 14/17 MP: 2/8
  1294 | D:2      | Found a sacrificial altar of Ru.
  1435 | D:2      | Reached skill level 1 in Fighting
  1438 | D:2      | Noticed Robin
  1479 | D:2      | Killed Robin
  2109 | D:2      | Found a stormy altar of Qazlal.
  2140 | D:2      | Noticed Terence
  2146 | D:2      | Killed Terence
  2146 | D:2      | Reached skill level 4 in Stealth
  2146 | D:2      | Reached XP level 4. HP: 15/22 MP: 4/10
  2553 | D:3      | Noticed Ijyb
  2581 | D:3      | Killed Ijyb
  2752 | D:3      | Reached XP level 5. HP: 15/25 MP: 4/12
  2761 | D:3      | Learned a level 3 spell: Dazzling Spray
  2766 | D:3      | Learned a level 4 spell: Iskenderun's Mystic Blast
  2945 | D:3      | Noticed Crazy Yiuf
  2992 | D:3      | Killed Crazy Yiuf
  3297 | D:3      | Reached skill level 1 in Hexes
  3604 | D:3      | Reached skill level 5 in Stealth
  3604 | D:3      | Reached XP level 6. HP: 19/30 MP: 8/13
  5045 | D:4      | Reached skill level 5 in Dodging
  5045 | D:4      | Reached XP level 7. HP: 11/35 MP: 8/15
  5177 | D:4      | Found a shadowy altar of Dithmenos.
  5266 | D:5      | Entered Level 5 of the Dungeon
  5593 | D:5      | Reached skill level 6 in Stealth
  5671 | D:5      | Reached skill level 5 in Spellcasting
  5934 | D:5      | Found a radiant altar of Vehumet.
  5938 | D:5      | Found a shattered altar of Ashenzari.
  5938 | D:5      | Found a white marble altar of Elyvilon.
  5942 | D:5      | Became a worshipper of Vehumet
  6083 | D:5      | Learned a level 4 spell: Fulminant Prism
  6605 | D:6      | Noticed a komodo dragon
  6826 | D:6      | Noticed a gargoyle
  6935 | D:6      | Killed from afar by a gargoyle

Vault maps used:
D:1:      sevenhm_arrival_forest_fort_large_1, roderic_serpentine_path
D:2:      hangedman_ru_absence, lemuel_crystal_altar, uniq_terence, uniq_robin,
          uniq_sigmund
D:3:      first_bread, st_stairs_9, minmay_misc_feat_four_crosses,
          minmay_curled_crystal, uniq_iyjb, uniq_crazy_yiuf_cottage
D:4:      lemuel_coloured_pillars_altar
D:5:      gammafunk_temple_overflow_forgotten
D:6:      minmay_temple_entry_statues_pillars

Action                   |  1- 3 |  4- 6 |  7- 9 || total
-------------------------+-------+-------+-------++-------
Melee: Whip              |    44 |    45 |     4 ||    93
       Unarmed           |     3 |       |       ||     3
 Cast: Magic Dart        |    72 |   148 |    57 ||   277
       Searing Ray       |     5 |    14 |    10 ||    29
       Dazzling Spray    |       |     9 |     7 ||    16
  Use: Potion            |     4 |     1 |       ||     5
       Scroll            |     3 |       |     5 ||     8
 Stab: Sleeping          |     3 |     1 |       ||     4
       Invisible         |       |     1 |       ||     1
  Eat: Bread ration      |       |     1 |       ||     1
